 Dungeon Crawl Stone Soup version 0.13-a0-1693-g8ac13c1 (webtiles) character file.

115 Bruce the Firebug (level 3, -3/19 HPs)
             Began as a Deep Elf Fire Elementalist on June 20, 2013.
             Killed by nerve-wracking pain
             ... invoked by Jessica
              (5 damage)
             ... on Level 3 of the Dungeon.
             The game lasted 00:03:17 (794 turns).

Bruce the Firebug (Deep Elf Fire Elementalist)       Turns: 794, Time: 00:03:17

HP  -3/19        AC  2     Str  5      XL: 3   Next: 75%
MP   1/10        EV 13     Int 20      God:
Gold 57          SH  0     Dex 15      Spells:  3 memorised,  2 levels left

Res.Fire  : . . .   See Invis. : .   i - staff of conjuration
Res.Cold  : . . .   Warding    : .   a - +0 elf robe
Life Prot.: . . .   Conserve   : .   (no shield)
Res.Poison: .       Res.Corr.  : .   (no helmet)
Res.Elec. : .       Clarity    : .   (no cloak)
Sust.Abil.: . .     Spirit.Shd : .   (no gloves)
Res.Mut.  : .       Stasis     : .   (no boots)
Res.Rott. : .       Flight     : .   (no amulet)
Saprovore : . . .                    (no ring)
                                     (no ring)

@: very slightly contaminated, slightly resistant to hostile enchantments,
fairly stealthy
A: no striking features
a: no special abilities


You were on level 3 of the Dungeon.
You were not hungry.

You visited 1 branch of the dungeon, and saw 3 of its levels.

You collected 37 gold pieces.

Inventory:

Hand weapons
 f - a +0,+0 dagger (quivered)
Armour
 a - a +0 elven robe (worn)
Comestibles
 c - 4 bread rations
 j - a beef jerky
 m - a meat ration
 o - a slice of pizza
Scrolls
 e - a scroll of teleportation {unknown}
 k - a scroll of curse armour {unknown}
 l - 2 scrolls of identify {unknown}
 p - a scroll of remove curse {unknown}
Jewellery
 q - an uncursed amulet of clarity {unknown}
Potions
 d - a potion of blood {unknown}
 g - a potion of restore abilities {unknown}
 h - 2 potions of heal wounds {unknown}
 n - a potion of confusion {unknown}
Books
 b - a book of Flames

   Spells                             Type                      Level
   *Flame Tongue                      Conjuration/Fire             1
   *Throw Flame                       Conjuration/Fire             2
   *Conjure Flame                     Conjuration/Fire             3
   Inner Flame                        Hexes/Fire                   3
   Sticky Flame                       Conjuration/Fire             4
   Fireball                           Conjuration/Fire             5
Magical staves
 i - an uncursed staff of conjuration (weapon)


   Skills:
 - Level 2.4 Dodging
 - Level 2.4 Stealth
 * Level 3.3 Spellcasting
 + Level 2.1 Conjurations
 + Level 4.1 Fire Magic


You had 2 spell levels left.
You knew the following spells:

 Your Spells              Type           Power        Failure   Level  Hunger
a - Flame Tongue          Conj/Fire      ###..        4%          1    None
b - Throw Flame           Conj/Fire      ###...       10%         2    ##.....
c - Conjure Flame         Conj/Fire      ###.....     14%         3    ###....


Dungeon Overview and Level Annotations

Branches:
Dungeon (3/27)

Altars:

Annotations
D:2 exclusions: adder and downstairs
D:3 Jessica


Message History

Confirm with . or Enter, or press ? or * to list all spells.
Aiming: Flame Tongue
Press: ? - help, Shift-Dir - straight line, f - kobold
Aim: a kobold, wielding a short sword You feel a surge of power!
The flame hits the kobold.
The kobold appears unharmed.
The kobold hits you with a short sword.
* * * LOW HITPOINT WARNING * * *
Casting: Flame Tongue
Confirm with . or Enter, or press ? or * to list all spells.
Aiming: Flame Tongue
Press: ? - help, Shift-Dir - straight line, f/p - kobold
Aim: a kobold, wielding a short sword You feel a surge of power!
The flame misses the kobold.
The kobold hits you with a short sword.
* * * LOW HITPOINT WARNING * * *
Found a pear.
Jessica comes into view.
Jessica points at you and mumbles some strange words.
Pain shoots through your body!
You die...

#.. #....#
#######
####....#
......#
#.....@.#
......# #.#
....# ......#
#.# .%.# ......#
#.# ..# ......#
#.# #.#
......####.##
#@#
###.........#
#.# #######...#
#K#
######...####.#
...............#
######...######
#...# #...#
#...#


You could see Jessica and a kobold.

Vanquished Creatures
  An adder (D:2)
  2 gnolls
  A worm (D:2)
  A giant gecko (D:2)
  An orc (D:2)
  2 goblins (D:2)
  3 hobgoblins
  3 kobolds
  A quokka (D:2)
  5 bats
  A giant cockroach (D:2)
  A giant newt (D:2)
  4 rats
26 creatures vanquished.

Notes
Turn   | Place    | Note
--------------------------------------------------------------
     0 | D:1      | Bruce, the Deep Elf Fire Elementalist, began the quest for the Orb.
     0 | D:1      | Reached XP level 1. HP: 10/10 MP: 4/4
   215 | D:1      | Reached XP level 2. HP: 4/15 MP: 3/7
   418 | D:2      | Reached XP level 3. HP: 7/19 MP: 1/10
   422 | D:2      | Learned a level 2 spell: Throw Flame
   426 | D:2      | Learned a level 3 spell: Conjure Flame
   642 | D:2      | Reached skill level 4 in Fire Magic
   793 | D:3      | Noticed Jessica
   794 | D:3      | Killed from afar by Jessica

Action                   || total
-------------------------++-------
Melee: Unarmed           ||     3
       Staff             ||     4
 Cast: Flame Tongue      ||    55
       Conjure Flame     ||     1
